[Event "Team 45 45 League T43"]
[Site "Internet Chess Club"]
[Date "2009.12.01"]
[Round "5"]
[White "KidRattler"]
[Black "bowwrestler"]
[Result "0-1"]
[WhiteElo "918"]
[BlackElo "1065"]
[Opening "English: Carls' Bremen system"]
[ECO "A22"]
[Time "09:58:24"]
[TimeControl "2700+45"]

1. c4 e5 2. Nc3 Nf6 3. g3 Nc6 4. Bg2 Bc5 5. e3 d6 6. Nge2 Bf5 7. O-O O-O 8. Re1
Qd7 9. b3 Rad8 10. Bb2 Rfe8 11. Rc1 Re7 12. Ba1 Rde8 13. Nd5 Nxd5 14. Bxd5 e4
15. Bxc6 bxc6 16. Qc2 Ba3 17. Qc3 f6 18. Rc2 Bg4 19. Bb2 Bxb2 20. Qxb2 Bf3 21.
Nf4 g5 22. h3 gxf4 23. g4 fxe3 24. dxe3 Rg7 25. Qxf6 Rxg4+ 26. Kh2 Rg2+ 27. Kh1
Qxh3# {White checkmated} 0-1

[Event "Team 45 45 League T43"]
[Site "Internet Chess Club"]
[Date "2009.11.28"]
[Round "5"]
[White "fishhead"]
[Black "Westman"]
[Result "1-0"]
[WhiteElo "1956"]
[BlackElo "1650"]
[Opening "French: Tarrasch, closed variation"]
[ECO "C05"]
[Time "18:04:59"]
[TimeControl "2700+45"]

1. e4 e6 2. d4 d5 3. Nd2 Nf6 4. e5 Nfd7 5. Bd3 c5 6. c3 Nc6 7. Ne2 Be7 8. O-O
cxd4 9. cxd4 Qb6 10. Nf3 f6 11. exf6 Nxf6 12. b3 Bd7 13. Nf4 Nb4 14. Bb1 Rc8 15.
Ng5 O-O 16. Nxh7 Rxc1 17. Nxf6+ Bxf6 18. Qxc1 Bxd4 19. Nh5 Bb5 20. Qg5 Nd3 21.
Bxd3 Bxd3 22. Rad1 Bxf1 23. Rxf1 Rf5 24. Qg6 Bxf2+ 25. Kh1 Qa6 26. Qxg7# {Black
checkmated} 1-0

[Event "Team 45 45 League T43"]
[Site "Internet Chess Club"]
[Date "2009.11.28"]
[Round "5"]
[White "Bible-Believer"]
[Black "isolani"]
[Result "0-1"]
[WhiteElo "1524"]
[BlackElo "1615"]
[Opening "English, 1...Nf6 (Anglo-Indian defense)"]
[ECO "A15"]
[Time "18:00:18"]
[TimeControl "2700+45"]

1. c4 Nf6 2. g3 Nc6 3. Bg2 e6 4. Nc3 d5 5. cxd5 exd5 6. d4 Bb4 7. Bg5 Be6 8. e3
h6 9. Bxf6 Qxf6 10. Ne2 O-O 11. O-O Rad8 12. Nf4 Bxc3 13. bxc3 Na5 14. Qa4 b6
15. Rfc1 Rd6 16. Nd3 c6 17. Ne5 Rc8 18. e4 Qd8 19. c4 dxc4 20. Nxc6 Rcxc6 21. e5
Rxd4 22. Bxc6 c3 23. Rd1 Nxc6 24. Rxd4 Qxd4 25. Qxc6 c2 26. Qxc2 Qxa1+ 27. Kg2
Qxe5 {White resigns} 0-1

[Event "Team 45 45 League T43"]
[Site "Internet Chess Club"]
[Date "2009.11.30"]
[Round "5"]
[White "joshtournman"]
[Black "Dr-Checkmate"]
[Result "0-1"]
[WhiteElo "1461"]
[BlackElo "1546"]
[Opening "Benkö gambit: Zaitsev system"]
[ECO "A57"]
[Time "20:53:16"]
[TimeControl "2700+45"]

1. d4 Nf6 2. c4 c5 3. d5 b5 4. cxb5 a6 5. Nc3 g6 6. bxa6 Bxa6 7. Bg5 Bg7 8. Bxf6
Bxf6 9. Nf3 d6 10. Qa4+ Nd7 11. Qc2 Bc4 12. e4 Bxf1 13. Rxf1 Qb6 14. a3 O-O 15.
O-O-O Rfb8 16. Rd3 c4 17. Re3 Nc5 18. Ne1 Bxc3 19. Rxc3 Nb3+ 20. Kb1 Rxa3 21.
Rxb3 Rxb3 22. Qxc4 Rxb2+ 23. Kc1 Qa5 24. Nc2 Rb1# {White checkmated} 0-1

[Event "Team 45 45 League T43"]
[Site "Internet Chess Club"]
[Date "2009.11.29"]
[Round "5"]
[White "rookmaster23"]
[Black "arconia"]
[Result "0-1"]
[WhiteElo "1332"]
[BlackElo "1351"]
[Opening "Queen's pawn game"]
[ECO "A50"]
[Time "16:02:50"]
[TimeControl "2700+45"]

1. d4 Nf6 2. c4 c6 3. Nc3 e6 4. Nf3 Be7 5. Bf4 Qb6 6. b3 Bb4 7. Qc2 c5 8. dxc5
Qxc5 9. e3 b5 10. Bd3 Bb7 11. O-O Bxf3 12. gxf3 Qh5 13. Nxb5 Na6 14. Be4 d5 15.
cxd5 O-O 16. dxe6 fxe6 17. Bxa8 Rxa8 18. Qc6 Rf8 19. Qxe6+ Kh8 20. Qxa6 Qxf3 21.
Rac1 Qg4+ 22. Bg3 h5 23. Rc4 Qh3 24. Rxb4 Ng4 25. Rc4 Nxe3 26. Qh6+ gxh6 27.
Be5+ Kg8 28. fxe3 Qxf1# {White checkmated} 0-1

[Event "Team 45 45 League T43"]
[Site "Internet Chess Club"]
[Date "2009.11.27"]
[Round "5"]
[White "clarinetref"]
[Black "Rookmaster"]
[Result "0-1"]
[WhiteElo "1559"]
[BlackElo "1828"]
[Opening "Queen's pawn game, Rubinstein (Colle-Zukertort) variation"]
[ECO "D05"]
[Time "23:10:25"]
[TimeControl "2700+45"]

1. Nf3 Nf6 2. d4 d5 3. e3 e6 4. Bd3 c5 5. b3 Nc6 6. O-O Bd6 7. Bb2 a6 8. Nbd2 b5
9. Ne5 Qc7 10. Nxc6 Qxc6 11. dxc5 Bxc5 12. Nf3 Bb7 13. Ne5 Qb6 14. Qf3 d4 15. e4
Bd6 16. Ng4 Nd7 17. Qe2 h5 18. Ne3 dxe3 19. fxe3 Be5 20. c3 Nc5 21. Qc2 Nxd3 22.
Qxd3 Rd8 23. Qe2 Bxe4 24. Qf2 Qc7 25. Qh4 Bg6 26. Rac1 Rd2 27. Rf2 Bxh2+ 28.
Qxh2 Qxh2+ 29. Kxh2 Rxf2 30. Ba3 Be4 31. Rg1 Rxa2 {White resigns} 0-1

[Event "Team 45 45 League T43"]
[Site "Internet Chess Club"]
[Date "2009.11.28"]
[Round "5"]
[White "Timotheous"]
[Black "PostMike"]
[Result "1-0"]
[WhiteElo "1615"]
[BlackElo "1533"]
[Opening "Réti opening"]
[ECO "A13"]
[Time "14:30:19"]
[TimeControl "2700+45"]

1. Nf3 e6 2. c4 f5 3. g3 Nf6 4. Bg2 c6 5. a3 d5 6. cxd5 exd5 7. b4 Bd6 8. O-O
O-O 9. d3 Qc7 10. Bb2 f4 11. Nbd2 Nbd7 12. Nb3 fxg3 13. hxg3 Ng4 14. Qd2 Nde5
15. Rac1 Nxf3+ 16. Bxf3 Qf7 17. Bd4 Qh5 18. Bxg4 Bxg4 19. Be3 Rf5 20. Nd4 Rf7
21. f4 Qh3 22. Qe1 Rf6 23. Qf2 Re8 24. Bd2 Rh6 25. Qg2 Qxg2+ 26. Kxg2 Bh3+ 27.
Kf3 Bxf1 28. Rxf1 Rf8 29. g4 Rh3+ 30. Kg2 Rh4 31. Kg3 Rh6 32. Nf5 Rhf6 33. Bc3
Rxf5 34. gxf5 Rxf5 35. e3 g5 36. Kg4 Rf7 37. Kxg5 Be7+ 38. Kg4 Bf6 39. Bxf6 Rxf6
40. Kf3 h5 41. Rh1 Rh6 42. Rh4 Kf7 43. f5 Kf6 44. Kf4 b5 45. e4 dxe4 46. dxe4
Rh8 47. e5+ Kf7 48. Kg5 Rd8 49. Rxh5 Rd3 50. e6+ Kg8 51. Kf6 Rxa3 52. e7 Re3 53.
Rg5+ Kh8 54. Kf7 {Black resigns} 1-0

[Event "Team 45 45 League T43"]
[Site "Internet Chess Club"]
[Date "2009.11.26"]
[Round "5"]
[White "tryanything"]
[Black "John3v16"]
[Result "1/2-1/2"]
[WhiteElo "1601"]
[BlackElo "1623"]
[Opening "Sicilian: closed"]
[ECO "B23"]
[Time "03:59:31"]
[TimeControl "2700+45"]

1. e4 c5 2. Nc3 e6 3. g3 Nc6 4. Bg2 Nf6 5. d3 d5 6. exd5 exd5 7. Nge2 d4 8. Ne4
Be7 9. Bg5 O-O 10. Bxf6 Bxf6 11. Nxf6+ Qxf6 12. O-O Bg4 13. Qd2 Rfe8 14. f3 Bd7
15. a3 Qe7 16. Nf4 Qe3+ 17. Qxe3 Rxe3 18. Rae1 Rae8 19. Kf2 Kf8 20. Nd5 Rxe1 21.
Rxe1 Ne5 22. h3 f5 23. f4 Nc6 24. Rxe8+ Kxe8 25. b4 b6 26. Ke2 Kf7 27. Kd2 Ke6
28. Nc7+ Kd6 29. Nb5+ Ke7 30. Bxc6 Bxc6 31. Nxa7 Bd7 32. b5 Kd6 33. c3 dxc3+ 34.
Kxc3 Kc7 35. d4 cxd4+ 36. Kxd4 Kb7 37. Nc6 Bxc6 38. bxc6+ Kxc6 39. a4 {Game
drawn by mutual agreement} 1/2-1/2

[Event "Team 45 45 League T43"]
[Site "Internet Chess Club"]
[Date "2009.11.27"]
[Round "5"]
[White "dondel"]
[Black "Aquaman"]
[Result "1-0"]
[WhiteElo "1336"]
[BlackElo "1296"]
[Opening "Scandinavian defense"]
[ECO "B01"]
[Time "20:00:45"]
[TimeControl "2700+45"]

1. e4 d5 2. exd5 Nf6 3. Nf3 Bg4 4. Be2 Nxd5 5. d4 Nc6 6. c4 Nf6 7. d5 Nb4 8. a3
Na6 9. Nc3 e6 10. Bg5 Be7 11. h3 Bh5 12. b4 exd5 13. cxd5 c6 14. Qa4 Nb8 15.
dxc6 bxc6 16. Rd1 Qc7 17. O-O O-O 18. b5 cxb5 19. Nxb5 Qb6 20. Be3 Bc5 21. Rd6
Qxd6 22. Nxd6 Bxd6 23. Rd1 Ne4 24. Qxe4 Nd7 25. Rxd6 Nf6 26. Qf5 Bg6 27. Qe5
Rae8 28. Qa5 Ra8 29. Ne5 Bf5 30. Nc4 Be6 31. Bd4 Ne8 32. Ra6 Rc8 33. Nd6 Rc1+
34. Kh2 Nxd6 35. Rxd6 Rc2 36. Bg4 Ba2 37. Rd8 {Black resigns} 1-0

[Event "Team 45 45 League T43"]
[Site "Internet Chess Club"]
[Date "2009.11.27"]
[Round "5"]
[White "rayspokemon"]
[Black "John3v16"]
[Result "0-1"]
[WhiteElo "1390"]
[BlackElo "1630"]
[Opening "Sicilian: Alapin's variation (2.c3)"]
[ECO "B22"]
[Time "20:00:21"]
[TimeControl "2700+45"]

1. e4 c5 2. c3 d5 3. e5 Nc6 4. d4 cxd4 5. cxd4 Qb6 6. Be3 Qxb2 7. Qb3 Qxb3 8.
axb3 Bf5 9. Nf3 e6 10. Be2 Bc2 11. Nbd2 Bb4 12. Kf1 Nge7 13. Ke1 O-O 14. Kf1
Rfc8 15. Ra2 Bg6 16. Rb2 Na5 17. Nb1 Rc2 18. Rxc2 Bxc2 19. Bd2 Bxd2 20. Nbxd2
Nxb3 21. Nxb3 Bxb3 22. g3 Bc4 23. Bxc4 dxc4 24. Ke2 b5 25. Rb1 Rb8 26. Ra1 Rb7
27. Nd2 Nc6 28. Rb1 c3 29. Rc1 b4 30. Nb3 a5 31. Ke3 a4 32. Nc5 Ra7 33. Ra1 c2
34. Nd3 b3 35. f4 a3 36. Nc5 b2 {White resigns} 0-1

[Event "Team 45 45 League T43"]
[Site "Internet Chess Club"]
[Date "2009.11.28"]
[Round "5"]
[White "chesskix"]
[Black "cazj"]
[Result "1-0"]
[WhiteElo "1381"]
[BlackElo "1260"]
[Opening "English: Carls' Bremen system"]
[ECO "A22"]
[Time "12:04:59"]
[TimeControl "2700+45"]

1. c4 e5 2. Nc3 Nf6 3. g3 Bc5 4. Bg2 Ng4 5. e3 Qf6 6. Qxg4 d6 7. Qxc8+ Qd8 8.
Qxb7 Nd7 9. Qxa8 O-O 10. Qxd8 Rxd8 11. Nf3 h6 12. O-O Nf6 13. d4 exd4 14. exd4
Bb6 15. Nd5 Nxd5 16. cxd5 Re8 17. Be3 Kf8 18. a4 Ba5 19. Rab1 Bb4 20. Rfc1 Rc8
21. Rc6 Ba5 22. b4 Rb8 23. Bd2 Bb6 24. a5 Bxa5 25. Rbc1 Bb6 26. Be3 a5 27. bxa5
Bxa5 28. Ra6 Bb6 29. Rca1 Ke7 30. Ra8 Rb7 31. Rh8 Kf6 32. Nh4 Ke7 33. Rh7 {Black
resigns} 1-0

[Event "Team 45 45 League T43"]
[Site "Internet Chess Club"]
[Date "2009.11.27"]
[Round "5"]
[White "taichichen"]
[Black "Skyler"]
[Result "1-0"]
[WhiteElo "1230"]
[BlackElo "1360"]
[Opening "Sicilian: Alapin's variation (2.c3)"]
[ECO "B22"]
[Time "10:48:52"]
[TimeControl "2700+45"]

1. e4 c5 2. c3 Nf6 3. e5 Nd5 4. d4 cxd4 5. cxd4 Nc6 6. Nf3 g6 7. b3 Bg7 8. Bb2
O-O 9. Bc4 Nb6 10. Bf1 d6 11. Nbd2 dxe5 12. dxe5 Qc7 13. Qe2 Bg4 14. h3 Bxf3 15.
Nxf3 Nd7 16. Rc1 Qa5+ 17. Bc3 Qd5 18. Rd1 Qe6 19. Qe3 Ndxe5 20. Nxe5 Nxe5 21.
Bxe5 Bxe5 22. Rd3 Rfd8 23. Be2 Rxd3 24. Qxd3 Rc8 25. O-O Bg7 26. Re1 Qc6 27. Bg4
Rc7 28. Bf3 Qc5 29. Rd1 Be5 30. Re1 Qc1 31. Rxc1 Rxc1+ 32. Bd1 Kg7 33. g3 Ra1
34. Kg2 Rxa2 35. Bf3 b6 36. Qe4 Bd6 37. Qd4+ Kg8 38. h4 Bc5 39. Qd8+ Kg7 40. Bd5
Rxf2+ 41. Kh3 h5 42. Bc4 Rb2 43. g4 hxg4+ 44. Kxg4 Rg2+ 45. Kf3 Rf2+ 46. Kg3 Rf5
47. Qd7 Bf2+ 48. Kg2 Bxh4 49. Qxa7 Rf2+ 50. Kg1 Rf6 51. Kg2 Rf2+ 52. Kh3 g5 53.
Qxb6 Rf3+ 54. Kg4 Rf4+ 55. Kh5 Rf5 56. Qh6+ Kg8 57. Bxf7+ Kxf7 58. Qg6+ Kf8 59.
Qxf5+ Ke8 60. b4 Kd8 61. b5 Kc7 62. Qc5+ Kb7 63. Qc6+ Kb8 64. b6 Bg3 65. b7 Bc7
66. Kxg5 e5 67. Kf5 e4 68. Kxe4 Bh2 69. Qc8+ Ka7 70. Qa8+ Kb6 71. b8=Q+ Bxb8 72.
Qxb8+ Kc5 73. Ke5 Kc4 74. Qd6 Kc3 75. Qd4+ Kc2 76. Qe3 Kb2 77. Kd4 Kc2 78. Kc4
Kb2 79. Qb3+ Ka1 80. Qc3+ Kb1 81. Qd2 Ka1 82. Kb3 Kb1 83. Qb2# {Black
checkmated} 1-0

[Event "Team 45 45 League T43"]
[Site "Internet Chess Club"]
[Date "2009.11.29"]
[Round "5"]
[White "Skylab"]
[Black "andrew0311"]
[Result "0-1"]
[WhiteElo "1284"]
[BlackElo "1429"]
[Opening "Ruy Lopez: 5.O-O"]
[ECO "C78"]
[Time "16:03:21"]
[TimeControl "2700+45"]

1. e4 e5 2. Nf3 Nc6 3. Bb5 a6 4. Ba4 Nf6 5. O-O Bd6 6. Re1 b5 7. Bb3 O-O 8. c3
Re8 9. d4 exd4 10. cxd4 Nxe4 11. Nc3 Nxc3 12. bxc3 Bb7 13. Ng5 Rf8 14. Qh5 h6
15. Bxf7+ Kh8 16. Bg6 Qf6 17. Nf7+ Kg8 18. Nxh6+ gxh6 19. Rf1 Ne7 20. Bg5 Qxg5
{White resigns} 0-1

[Event "Team 45 45 League T43"]
[Site "Internet Chess Club"]
[Date "2009.11.27"]
[Round "5"]
[White "CheeryCherry"]
[Black "mongmong"]
[Result "1-0"]
[WhiteElo "1560"]
[BlackElo "1510"]
[Opening "French: exchange variation"]
[ECO "C01"]
[Time "19:08:00"]
[TimeControl "2700+45"]

1. e4 e6 2. d4 d5 3. exd5 exd5 4. c4 Nf6 5. Bg5 Bb4+ 6. Nc3 O-O 7. Bd3 Be6 8. c5
c6 9. Ne2 h6 10. Bh4 Bg4 11. f3 Bh5 12. O-O Bg6 13. Bxg6 fxg6 14. Qd3 g5 15. Bg3
Ba5 16. Bd6 Re8 17. Rae1 Bc7 18. Bxc7 Qxc7 19. Ng3 Nbd7 20. Nf5 Nf8 21. Nd6 Re7
22. Kf2 N8h7 23. Rxe7 Qxe7 24. Re1 Qc7 25. Ne2 Rd8 26. Ng3 Rd7 27. Ngf5 b6 28.
b4 bxc5 29. bxc5 Nf8 30. Ne8 Nxe8 31. Rxe8 Rd8 32. Qe3 Rxe8 33. Qxe8 Qd7 34.
Ne7+ Kh7 35. Qxf8 Qe6 36. Qf5+ {Black resigns} 1-0

[Event "Team 45 45 League T43"]
[Site "Internet Chess Club"]
[Date "2009.11.30"]
[Round "5"]
[White "MikeA"]
[Black "farbror"]
[Result "1-0"]
[WhiteElo "1576"]
[BlackElo "1261"]
[Opening "French: Tarrasch"]
[ECO "C03"]
[Time "15:30:38"]
[TimeControl "2700+45"]

1. e4 e6 2. d4 d5 3. Nd2 dxe4 4. Nxe4 Be7 5. Nf3 Nf6 6. Bd3 Nxe4 7. Bxe4 Nd7 8.
O-O c5 9. c3 Nf6 10. Qc2 Nxe4 11. Qxe4 Qd5 12. Qxd5 exd5 13. dxc5 Bxc5 14. Re1+
Be6 15. Ng5 Kd7 16. Be3 Bxe3 17. Rxe3 h6 18. Nf3 Rhe8 19. Nd4 Rac8 20. Rae1 a6
21. Rg3 g5 22. Rf3 b5 23. a3 Re7 24. Rf6 Rce8 25. Rxh6 Bf5 26. Rxe7+ Rxe7 27. f4
Bd3 28. fxg5 Re1+ 29. Kf2 Rf1+ 30. Kg3 Bg6 31. h4 Be4 32. Rxa6 Bd3 33. h5 b4 34.
Ra7+ Ke8 35. axb4 Be4 36. b5 Rg1 37. b6 Rxg2+ 38. Kf4 Rxb2 39. b7 {Black
resigns} 1-0

[Event "Team 45 45 League T43"]
[Site "Internet Chess Club"]
[Date "2009.11.30"]
[Round "5"]
[White "Cicero"]
[Black "lawth3"]
[Result "0-1"]
[WhiteElo "1162"]
[BlackElo "1070"]
[Opening "Queen's pawn: Yusupov-Rubinstein system"]
[ECO "A46"]
[Time "15:00:13"]
[TimeControl "2700+45"]

1. d4 Nf6 2. Nf3 e6 3. e3 c5 4. dxc5 Bxc5 5. Bd3 Nc6 6. O-O O-O 7. e4 d6 8. Qe2
Nd4 9. Nxd4 Bxd4 10. c3 Bb6 11. Nd2 e5 12. Nf3 h6 13. c4 Be6 14. b3 Rc8 15. Bb2
Rc6 16. Rfd1 Ba5 17. Bc2 Qb8 18. h3 a6 19. Rd3 Rfc8 20. Nh4 b5 21. Rg3 bxc4 22.
Nf5 Bxf5 23. exf5 cxb3 24. Bxb3 Qb5 25. Qe3 Qc5 26. Qxh6 Kf8 27. Qxg7+ Ke7 28.
Qxf7+ Kd8 29. Rg7 d5 30. Bxd5 Qxd5 31. Bxe5 Qxf7 32. Rd1+ Ke8 33. Rg6 Qxa2 34.
Bxf6 Kf7 35. Rd7+ Ke8 36. Re7+ Kf8 37. Rh7 Qb1+ 38. Kh2 Qxf5 39. Be7+ Ke8 40.
Rg8+ Kd7 41. Bc5+ Qxh7 {White resigns} 0-1

[Event "Team 45 45 League T43"]
[Site "Internet Chess Club"]
[Date "2009.11.30"]
[Round "5"]
[White "MiamiMan"]
[Black "cityprosecutor"]
[Result "0-1"]
[WhiteElo "1756"]
[BlackElo "1768"]
[Opening "Sicilian: Grand Prix attack"]
[ECO "B21"]
[Time "22:06:24"]
[TimeControl "2700+45"]

1. e4 c5 2. f4 d5 3. exd5 Qxd5 4. Nc3 Qd8 5. Bb5+ Bd7 6. a4 Nf6 7. Nf3 a6 8.
Bxd7+ Nbxd7 9. Ne5 e6 10. O-O Bd6 11. Nc4 Bc7 12. d3 Qb8 13. a5 O-O 14. Qe1 Nd5
15. Ne2 Nb4 16. Qd1 Nf6 17. Ng3 Qd8 18. Bd2 Nfd5 19. Ne4 Nc6 20. Nxc5 Rb8 21.
Kh1 Qe7 22. Ne4 Rbd8 23. Nc3 Nf6 24. Ne2 Rd5 25. Ng3 Rfd8 26. Bc3 Nd4 27. Qd2
Nb5 28. Be5 Ng4 29. Qe2 Nxh2 30. Kxh2 Qh4+ 31. Kg1 Qxg3 32. Rf3 Qg4 33. Qf2 Nd4
34. Bxc7 Nxf3+ 35. Qxf3 Qxf3 36. gxf3 Rc8 37. Be5 Rcd8 38. Ra3 f6 39. Bc3 Rf5
40. Bd2 e5 41. Rb3 Rd7 42. fxe5 fxe5 43. Rc3 h5 44. Nb6 Rdf7 45. Rc8+ Kh7 46.
Nc4 h4 47. Nd6 Rf8 48. Rxf8 Rxf8 49. Bc3 Rxf3 50. Nxb7 g5 51. Bxe5 g4 52. Nc5 g3
53. Ne4 Re3 54. Kg2 Re2+ 55. Kf3 g2 56. Ng5+ Kg6 57. Nh3 Rxe5 58. b4 Re1 59.
Nf4+ Kg5 60. Nxg2 Rb1 61. Nxh4 Kxh4 62. c4 Rxb4 63. Ke4 Ra4 64. Kd5 Rxa5+ 65. c5
Kg5 66. d4 Kf5 67. Kd6 Ra4 68. d5 Rh4 69. c6 a5 70. c7 Rc4 71. Kd7 Ke5 72. d6 a4
{White resigns} 0-1

[Event "Team 45 45 League T43"]
[Site "Internet Chess Club"]
[Date "2009.11.30"]
[Round "5"]
[White "chess9793"]
[Black "MOchess-boy"]
[Result "1-0"]
[WhiteElo "1866"]
[BlackElo "1828"]
[Opening "Scandinavian (center counter) defense"]
[ECO "B01"]
[Time "21:30:08"]
[TimeControl "2700+45"]

1. e4 d5 2. exd5 Qxd5 3. Nc3 Qa5 4. d4 Nf6 5. Nf3 c6 6. Bd2 Bg4 7. h3 Bh5 8. g4
Bg6 9. Ne5 Nbd7 10. f4 h6 11. Nxg6 fxg6 12. Bd3 O-O-O 13. Qe2 Qb6 14. O-O-O Qxd4
15. Be3 Qb4 16. Bxg6 Kb8 17. Rd4 Qa5 18. Ra4 Qc7 19. Bxa7+ Kc8 20. g5 Ne8 21.
Bd4 Qxf4+ 22. Be3 Qc7 23. Bf4 Nd6 24. Ra8+ Nb8 25. Bf5+ Rd7 26. Qg4 hxg5 27.
Bxd7+ Qxd7 28. Rxb8+ Kc7 29. Rxb7+ {Black resigns} 1-0

[Event "Team 45 45 League T43"]
[Site "Internet Chess Club"]
[Date "2009.11.28"]
[Round "5"]
[White "Ickabod"]
[Black "Salvatore"]
[Result "0-1"]
[WhiteElo "1655"]
[BlackElo "1683"]
[Opening "Sicilian: Alapin's variation (2.c3)"]
[ECO "B22"]
[Time "14:03:50"]
[TimeControl "2700+45"]

1. e4 c5 2. c3 d5 3. exd5 Qxd5 4. Nf3 Nc6 5. d4 Nf6 6. Bb5 Bg4 7. Be2 e6 8. h3
Bh5 9. O-O cxd4 10. Nxd4 Bxe2 11. Nxe2 Bc5 12. Nf4 Qxd1 13. Rxd1 O-O 14. Be3
Bxe3 15. fxe3 Rad8 16. Na3 Ne4 17. Nc2 Ne5 18. Rd4 Ng3 19. Rad1 Rxd4 20. exd4
Nc4 21. b3 Nd6 22. Kh2 Ndf5 23. d5 exd5 24. Nxd5 h5 25. h4 Kh7 26. Rd3 Ne4 27.
Nce3 Nxh4 28. Rd4 f5 29. Nxf5 Nxf5 30. Rxe4 Nd6 31. Re7 Rf2 32. a4 a6 33. Rd7
Nf5 34. Rxb7 Nh6 35. Kg1 Rd2 36. c4 Ng4 37. Rd7 Rd1# {White checkmated} 0-1

[Event "Team 45 45 League T43"]
[Site "Internet Chess Club"]
[Date "2009.11.29"]
[Round "5"]
[White "Ianjo"]
[Black "VietLion"]
[Result "1-0"]
[WhiteElo "1937"]
[BlackElo "1933"]
[Opening "Sicilian: Scheveningen variation"]
[ECO "B80"]
[Time "13:00:34"]
[TimeControl "2700+45"]

1. e4 c5 2. Nf3 d6 3. d4 cxd4 4. Nxd4 Nf6 5. Nc3 e6 6. Be3 a6 7. f3 b5 8. g4 Bb7
9. Qd2 Qc7 10. g5 Nfd7 11. h4 Ne5 12. O-O-O Nbc6 13. Be2 Na5 14. b3 Rc8 15. Kb2
d5 16. exd5 Bb4 17. Ncxb5 Nac4+ 18. bxc4 Qa5 19. c3 Rxc4 20. cxb4 Rxb4+ 21. Nb3
Bxd5 22. Nc7+ Ke7 23. Nxd5+ exd5 24. Qxd5 {Black resigns} 1-0

[Event "Team 45 45 League T43"]
[Site "Internet Chess Club"]
[Date "2009.11.28"]
[Round "5"]
[White "room-matt"]
[Black "jpoblano"]
[Result "1-0"]
[WhiteElo "1717"]
[BlackElo "1716"]
[Opening "Sicilian: Najdorf, 7...Be7"]
[ECO "B98"]
[Time "14:37:34"]
[TimeControl "2700+45"]

1. e4 c5 2. Nf3 d6 3. d4 cxd4 4. Nxd4 Nf6 5. Nc3 a6 6. Bg5 e6 7. f4 Be7 8. Qf3
Nfd7 9. Bxe7 Qxe7 10. Bc4 Nc6 11. O-O-O Nb6 12. Bb3 Na5 13. Qf2 Nxb3+ 14. Nxb3
Nd7 15. Rhf1 O-O 16. Qd4 Nc5 17. Qxd6 Nxb3+ 18. axb3 Qxd6 19. Rxd6 b5 20. Ne2
Bb7 21. Ng3 g6 22. h4 f5 23. Rxe6 Kf7 24. Re5 fxe4 25. Nxe4 Rfe8 26. Rxe8 Bxe4
27. Rxe4 {Black resigns} 1-0

[Event "Team 45 45 League T43"]
[Site "Internet Chess Club"]
[Date "2009.11.28"]
[Round "5"]
[White "LuxAeterna"]
[Black "Chess64655"]
[Result "1-0"]
[WhiteElo "1818"]
[BlackElo "1639"]
[Opening "Sicilian"]
[ECO "B54"]
[Time "13:01:25"]
[TimeControl "2700+45"]

1. e4 c5 2. Nf3 d6 3. d4 cxd4 4. Nxd4 e5 5. Nb3 Be7 6. Nc3 Nf6 7. Bc4 a6 8. a4
Nc6 9. O-O O-O 10. f3 Bd7 11. Be3 Rc8 12. a5 Nd4 13. Qd3 Rxc4 14. Qxc4 Be6 15.
Nd5 Qd7 16. Nxd4 exd4 17. Nxe7+ Qxe7 18. Qxd4 Rd8 19. Rfd1 Nh5 20. c4 Qh4 21. c5
Nf4 22. Bxf4 Qxf4 23. cxd6 h5 24. Ra4 Qg5 25. Ra3 h4 26. Qe3 Qg6 27. f4 h3 28.
g3 Bd7 29. Qb6 Qxe4 30. Qxd8+ Kh7 31. Kf2 Qg2+ 32. Ke3 Bb5 33. Rd2 Qg1+ 34. Kf3
Qf1+ 35. Kg4 Be2+ 36. Rxe2 Qxe2+ 37. Kh4 g6 38. g4 Qf2+ 39. Kxh3 Qf1+ 40. Kh4
Qxf4 41. h3 Kg7 42. Qg5 Qf2+ 43. Rg3 f6 44. Qe3 g5+ 45. Kh5 Qxb2 46. Qe7+ Kh8
47. d7 {Black forfeits on time} 1-0

[Event "Team 45 45 League T43"]
[Site "Internet Chess Club"]
[Date "2009.11.29"]
[Round "5"]
[White "Kurukshetra"]
[Black "ElMarginal"]
[Result "0-1"]
[WhiteElo "1677"]
[BlackElo "1538"]
[Opening "Petrov's defense"]
[ECO "C42"]
[Time "19:02:21"]
[TimeControl "2700+45"]

1. e4 e5 2. Nf3 Nf6 3. d3 Nc6 4. Nbd2 Be7 5. g3 d5 6. exd5 Qxd5 7. Bg2 Bg4 8. h3
Bh5 9. g4 Bg6 10. Nh4 Qe6 11. Nxg6 hxg6 12. Ne4 Nd5 13. Qf3 Nd4 14. Qd1 Nf4 15.
Bxf4 exf4 16. O-O f5 17. gxf5 Qxf5 18. c3 f3 19. Ng3 Ne2+ 20. Qxe2 fxe2 21. Rfe1
Qxd3 22. Rxe2 Kf7 23. Rae1 Bd6 24. Re3 Qb5 25. c4 Qxc4 26. Re4 Qxa2 27. Nf1 Rhe8
{White resigns} 0-1

[Event "Team 45 45 League T43"]
[Site "Internet Chess Club"]
[Date "2009.11.28"]
[Round "5"]
[White "Merciful"]
[Black "Gregorio"]
[Result "1/2-1/2"]
[WhiteElo "2027"]
[BlackElo "2105"]
[Opening "Giuoco Piano"]
[ECO "C54"]
[Time "10:20:49"]
[TimeControl "2700+45"]

1. e4 e5 2. Nf3 Nc6 3. Bc4 Bc5 4. c3 Nf6 5. d3 h6 6. b4 Bd6 7. Qb3 Qe7 8. Nbd2
Nd8 9. O-O c6 10. d4 b5 11. Bd3 Bc7 12. Nxe5 Bxe5 13. dxe5 Qxe5 14. Nf3 Qh5 15.
Bf4 O-O 16. a4 d5 17. e5 bxa4 18. Qc2 Ne6 19. Bg3 Nd7 20. Rxa4 Nb6 21. Ra5 Bb7
22. Rfa1 Nc8 23. R1a4 Nb6 24. Ra1 Nc8 25. Ba6 Bxa6 26. Rxa6 c5 27. R6a5 cxb4 28.
cxb4 Rb8 29. Qd2 Qg4 30. b5 Rb7 31. Qxd5 Rc7 32. h3 Qb4 33. R5a4 Qb2 34. Qd2
Qxb5 35. Rg4 Rc4 36. Rxc4 Qxc4 37. Qe3 Rd8 38. Bh4 Rd3 39. Qc1 Rc3 40. Qd1 Rd3
41. Qc1 Rc3 {Game drawn by mutual agreement} 1/2-1/2

[Event "Team 45 45 League T43"]
[Site "Internet Chess Club"]
[Date "2009.11.30"]
[Round "5"]
[White "Phosphorus"]
[Black "cityprosecutor"]
[Result "1-0"]
[WhiteElo "1901"]
[BlackElo "1751"]
[Opening "English opening"]
[ECO "A10"]
[Time "10:04:45"]
[TimeControl "2700+45"]

1. c4 d6 2. Nc3 Nf6 3. g3 g6 4. Bg2 Bg7 5. Nf3 c5 6. O-O Nc6 7. d4 cxd4 8. Nxd4
Nxd4 9. Qxd4 O-O 10. Bg5 h6 11. Bxf6 Bxf6 12. Qd2 Bg7 13. Rad1 Rb8 14. c5 Be6
15. cxd6 exd6 16. Nd5 Qd7 17. Rfe1 Bxd5 18. Bxd5 Rbd8 19. e4 Qb5 20. b3 b6 21.
Kg2 Rc8 22. Bc4 Qc5 23. Qxd6 Qxd6 24. Rxd6 Rcd8 25. Rxg6 Kh7 26. Rc6 Rd2 27. a4
Bd4 28. Re2 Rxe2 29. Bxe2 Kg7 30. Rc7 a5 31. Bc4 Bc5 32. f4 h5 33. Kf3 Kf6 34.
h3 Kg6 35. g4 hxg4+ 36. hxg4 f6 37. Be6 Rd8 38. Bf5+ {Black resigns} 1-0

[Event "Team 45 45 League T43"]
[Site "Internet Chess Club"]
[Date "2009.11.28"]
[Round "5"]
[White "upsan"]
[Black "Matusalen"]
[Result "1-0"]
[WhiteElo "1813"]
[BlackElo "2021"]
[Opening "Caro-Kann: Steinitz variation"]
[ECO "B17"]
[Time "21:06:54"]
[TimeControl "2700+45"]

1. e4 c6 2. d4 d5 3. Nc3 dxe4 4. Nxe4 Nd7 5. Nf3 Ngf6 6. Ng3 e6 7. Bd3 c5 8. O-O
cxd4 9. Nxd4 Bc5 10. Be3 O-O 11. Nh5 Be7 12. f4 Nxh5 13. Qxh5 g6 14. Qf3 Nc5 15.
Rad1 Nxd3 16. Rxd3 Qc7 17. Rfd1 a6 18. c3 Rd8 19. Qf2 b5 20. Nf3 Rxd3 21. Rxd3
Qc4 22. Qd2 Qc7 23. Bd4 Bb7 24. Be5 Qb6+ 25. Bd4 Qc6 26. Bf2 Qe8 27. Ne5 Bd5 28.
b3 Rc8 29. Bd4 f6 30. Ng4 Kf7 31. f5 g5 32. fxe6+ Bxe6 33. Nxf6 Bxf6 34. Rf3 Kg8
35. Rxf6 Bf7 36. Qxg5+ Bg6 37. h4 Qe1+ 38. Kh2 Qe2 39. Qd5+ {Black resigns} 1-0